 Dungeon Crawl Stone Soup version 0.29.0-4-gdea44cf6ec (webtiles) character file.

Game seed: 11853398092770889899

1520 ImASeal the Stinger (level 8, 0/58 HPs)
             Began as a Grey Draconian Venom Mage on Aug 27, 2022.
             Was a Follower of Sif Muna.
             Succumbed to Edmund's poison
             ... on level 5 of the Dungeon.
             The game lasted 01:19:22 (8522 turns).

ImASeal the Stinger (Grey Draconian Venom Mage)     Turns: 8522, Time: 01:19:23

Health: 0/58       AC: 14    Str:  8 (10) XL:     8   Next: 54%
Magic:  9/16       EV: 12    Int: 15 (17) God:    Sif Muna [*.....]
Gold:   244        SH:  0    Dex: 11 (13) Spells: 8/17 levels left

rFire   . . .      SeeInvis .   z - +3 quarterstaff (chaos)
rCold   . . .      Faith    .   (shield currently unavailable)
rNeg    . . .      Spirit   .   (body armour unavailable)
rPois   .          Reflect  .   (helmet restricted)
rElec   .          Harm     .   A - +0 cloak
rCorr   .          Rampage  .   t - +1 pair of gloves
Will    .....                   (no boots)
Stlth   ++........              f - amulet of the acrobat
HPRegen 0.19/turn               (no ring)
MPRegen 0.15/turn               (no ring)

@: lethally poisoned (0 -> -11)
A: AC +11, amphibious, unfitting armour, cold-blooded
a: Renounce Religion, Channel Magic


You were on level 5 of the Dungeon.
You worshipped Sif Muna.
Sif Muna was aware of your devotion.
You visited 2 branches of the dungeon, and saw 6 of its levels.

You collected 244 gold pieces.

Inventory:

Hand Weapons
 m - a +2 whip of electrocution
 p - a +2 dagger of venom
 z - a +3 quarterstaff of chaos (weapon)
Armour
 t - a +1 pair of gloves (worn)
 A - a +0 cloak (worn)
Jewellery
 f - an amulet of the acrobat (around neck)
Wands
 u - a wand of mindburst (16)
 w - a wand of paralysis (11)
Scrolls
 b - 2 scrolls of identify {unknown}
 c - a scroll of enchant armour {unknown}
 d - 2 scrolls of butterflies {unknown}
 e - 4 scrolls of magic mapping {unknown}
 g - 4 scrolls of teleportation {unknown}
 j - 5 scrolls of enchant weapon {unknown}
 l - a scroll of vulnerability {unknown}
 n - 2 scrolls of silence {unknown}
 o - a scroll of blinking {unknown}
 s - a scroll of fear {unknown}
 v - a scroll of amnesia {unknown}
 y - a scroll of brand weapon {unknown}
Potions
 i - 2 potions of haste
 x - a potion of attraction


   Skills:
 + Level 0.6 Fighting
 + Level 1.1 Maces & Flails
 + Level 2.7 Dodging
 + Level 2.3 Stealth
 + Level 0.9 Unarmed Combat
 + Level 5.4 Spellcasting
 + Level 0.3 Conjurations
 + Level 3.6 Transmutations
 + Level 2.0 Air Magic
 * Level 7.6 Poison Magic


You had 8 spell levels left.
You knew the following spells:

 Your Spells              Type           Power      Damage    Failure   Level
a - Sting                 Tmut/Pois      80%        1d7       1%          1
b - Poisonous Vapours     Pois/Air       36%        N/A       3%          2
c - Olgreb's Toxic Radia  Pois           26%        N/A       7%          4
d - Static Discharge      Conj/Air       7%         3-4/arc   14%         2

Your spell library contained the following spells:

 Spells                   Type           Power      Damage    Failure   Level
 Mephitic Cloud           Conj/Pois/Air  14%        N/A       12%         3
 Dazzling Flash           Conj/Hex       8%         N/A       41%         3
 Portal Projectile        Hex/Tloc       8%         N/A       43%         3
 Tukima's Dance           Hex            4%         N/A       43%         3
 Blade Hands              Tmut           7%         N/A       67%         5
 Iskenderun's Mystic Bla  Conj/Tloc      4%         2d3       82%         4
 Sticky Flame             Conj/Fire      4%         2d3       82%         4
 Dispel Undead            Necr           4%         3d7       83%         4
 Passage of Golubria      Tloc           4%         N/A       83%         4
 Yara's Violent Unravell  Hex/Tmut       4%         3d4       90%         5
 Starburst                Conj/Fire      2%         6d3       100%        6


Dungeon Overview and Level Annotations

Branches:
Dungeon (5/15)             Temple (1/1) D:4

Altars:
Ashenzari
Cheibriados
Fedhas
Gozag
Makhleb
Nemelex Xobeh
Okawaru
Qazlal
Ru
Sif Muna
Trog
Wu Jian
Yredelemnul

Annotations:
D:2 Natasha
D:5 Edmund


Innate Abilities, Weirdness & Mutations

Your dull iron-grey scales are very hard. (AC +11)
You are amphibious.
You cannot fit into any form of body armour.
You are cold-blooded and may be slowed by cold attacks.


Message History

Edmund is nearby!
Edmund is nearby!
You feel very sick.
You feel better.
Edmund hits you with a +2 flail of venom!
You are lethally poisoned!
You turn into a tree.
Your +0 cloak melds into your body.
Your +1 pair of gloves melds into your body.
Your roots penetrate the ground.
You feel very sick.
Edmund hits you with a +2 flail of venom.
* * * LOW HITPOINT WARNING * * *
You are lethally poisoned!
You hit Edmund but do no damage.
Edmund looks as sick as possible!
Edmund is almost dead.
* * * LOW HITPOINT WARNING * * *
You feel extremely sick.
Edmund says, "People will remember me!
They'll remember me and die!"
Edmund hits you but does no damage. Edmund completely misses you.
It was a potion of degeneration.
There was something very wrong with that liquid.
You feel weakened.
You feel dopey.
You feel clumsy.
* * * LOW HITPOINT WARNING * * *
You feel very sick. Edmund hits you but does no damage.
Unknown command.
It was a potion of cancellation.
Your magical effects are unravelling.
You feel magically purged.
You feel less wooden.
Your +0 cloak unmelds from your body.
Your +1 pair of gloves unmelds from your body.
* * * LOW HITPOINT WARNING * * *
You feel very sick. Edmund closely misses you.
Casting: Sting (safe; 1% risk of failure)
Confirm with . or Enter, or press ? or * to list all spells.
Okay, then.
You fail to use your ability.
You die...

#.##.#.... +.........
#.##.#.#.########...####.#####
#.##.#.#.#......#...# #......
#)##.#.#.#.####.#@..# #..####
#.##.#.#.#.# #.#...# #..####
####)##.#.#.#.# #.#...# #..##..
.....)).......# #.#...# #..##..
####.####...######.#...####..##..
####.# ###.#...@@.......[...##..
.....# #...####.########.#####
.##### #...###..### #...... .#
########..........# #..#...
.###..........###....## #......
..............# #.#...### ##.#.##
####..........# #.##....####.#.#
#..........###.##.......[...##
#..........##................#


You could see Edmund (strong, extremely poisoned).

Vanquished Creatures
  Pikel (D:4)
  Sigmund (D:2)
  3 ogres
  A lemure (D:4)
  A phantom (D:4)
  3 orc priests
  Crazy Yiuf (D:5)
  Jessica (D:3)
  Natasha (D:2)
  2 iguanas
  4 orc wizards (D:5)
  A mummy (D:5)
  8 gnolls
  5 adders
  An ufetubus (D:5)
  3 worms
  A dart slug (D:2)
  12 orcs
  7 endoplasms
  3 giant cockroaches
  4 goblins
  5 hobgoblins
  4 jackals (D:3)
  6 quokkas
  7 ball pythons
  12 bats
  A goblin zombie (D:5)
  A hobgoblin zombie (D:5)
  5 kobolds
  8 rats
113 creatures vanquished.

Vanquished Creatures (others)
  An orc wizard (D:5)
1 creature vanquished.

Grand Total: 114 creatures vanquished

Notes
Turn   | Place    | Note
-------+----------+-------------------------------------------
     0 | D:1      | ImASeal the Draconian Venom Mage began the quest for the
                  | Orb.
     0 | D:1      | Reached XP level 1. HP: 14/14 MP: 3/3
   326 | D:1      | Reached XP level 2. HP: 20/20 MP: 0/5
  1279 | D:2      | Learned a level 2 spell: Poisonous Vapours
  1509 | D:2      | Reached XP level 3. HP: 26/26 MP: 3/6
  1640 | D:2      | Noticed Sigmund
  1679 | D:2      | Killed Sigmund
  1680 | D:2      | Reached skill level 4 in Poison Magic
  1680 | D:2      | Reached XP level 4. HP: 4/33 MP: 0/8
  1680 | D:2      | Reached XP level 5. HP: 5/38 MP: 0/9
  2005 | D:2      | Noticed Natasha
  2011 | D:2      | Learned a level 4 spell: Olgreb's Toxic Radiance
  2018 | D:2      | Killed Natasha
  2300 | D:2      | Reached skill level 5 in Poison Magic
  2517 | D:2      | Noticed Natasha
  2989 | D:3      | Found a large runed translucent door.
  3000 | D:3      | Reached XP level 6. HP: 45/45 MP: 3/10
  3224 | D:3      | Found a large runed translucent door.
  3786 | D:3      | Reached skill level 1 in Air Magic
  4012 | D:3      | Noticed Jessica
  4017 | D:3      | Killed Jessica
  4587 | D:3      | Found a blossoming altar of Fedhas.
  4603 | D:3      | Found an iron altar of Okawaru.
  5202 | D:4      | Found a staircase to the Ecumenical Temple.
  5396 | Temple   | Entered the Ecumenical Temple
  5652 | Temple   | Became a worshipper of Sif Muna the Loreminder
  5708 | D:4      | Your scales start taking on a dull iron-grey colour.
  5708 | D:4      | Reached XP level 7. HP: 33/50 MP: 5/12
  5960 | D:4      | Noticed Pikel
  5991 | D:4      | Killed Pikel
  5992 | D:4      | Reached skill level 6 in Poison Magic
  6556 | D:4      | Reached skill level 7 in Poison Magic
  6556 | D:4      | Reached XP level 8. HP: 53/58 MP: 10/14
  6968 | D:5      | Entered Level 5 of the Dungeon
  7409 | D:5      | Found a sand-covered staircase.
  7559 | D:5      | Learned a level 2 spell: Static Discharge
  7615 | D:5      | Reached skill level 1 in Maces & Flails
  7828 | D:5      | Reached skill level 5 in Spellcasting
  8061 | D:5      | Found a runed translucent door.
  8062 | D:5      | Noticed Crazy Yiuf
  8070 | D:5      | Killed Crazy Yiuf
  8225 | D:5      | Reached * piety under Sif Muna
  8500 | D:5      | Noticed Edmund
  8522 | D:5      | Succumbed to Edmund's poison

Illustrated notes

Levels and vault maps discovered:
D:1:      minmay_arrival_nine_rooms, layout_loops_ring
D:2:      layout_rooms, uniq_natasha, uniq_sigmund
D:3:      layout_loops_cross, jmf_multi_god_temple2, kennysheep_jessica_study
D:4:      layout_basic, minmay_temple_entry_glassed_door, uniq_pikel
D:5:      layout_basic, nicolae_ossuary_entry_giza, grunt_decor_arrowhead,
          kennysheep_generic_room_4, uniq_edmund, uniq_crazy_yiuf_cottage
Temple:   chequers_temple_sunken

Skill      XL: |  1  2  3  4  5  6  7  8 |
---------------+-------------------------+-----
Dodging        | 2 |  2.7
Stealth        | 2 |  2.3
Transmutations | 2 3 |  3.6
Poison Magic   | 4 5 7 |  7.6
Spellcasting   | 3 4 5 |  5.4
Air Magic      | 1 2 |  2.0
Maces & Flails | 1 |  1.1
Fighting       | |  0.6
Unarmed Combat | |  0.9
Conjurations   | |  0.3

Action                   |  1- 3 |  4- 6 |  7- 9 || total
-------------------------+-------+-------+-------++-------
Melee: Unarmed           |     9 |    11 |     8 ||    28
       Tailslap          |     2 |     1 |     4 ||     7
       Whip              |       |       |    19 ||    19
       Quarterstaff      |       |       |     1 ||     1
 Cast: Sting             |    48 |   109 |    62 ||   219
       Poisonous Vapours |     7 |    73 |    34 ||   114
       Olgreb's Toxic Ra |       |     2 |     8 ||    10
       Static Discharge  |       |       |     6 ||     6
  Use: Potion            |     6 |       |     7 ||    13
       Scroll            |     1 |       |       ||     1
Armor: Skin              |    20 |    11 |    27 ||    58
Dodge: Dodged            |    56 |    54 |    22 ||   132
